AoeStats
← Bandolero

Arabia

508518807Analyzed
1v1 RM · 9d ago on Sep 22, 2026· 45m 13s· 2 players
Game mode
Random Map
Map size
Tiny (2 player)
Population
200
Speed
Normal
Resources
Standard
Victory
Conquest
Starting age
Dark Age
Ending age
Imperial Age
RankedLock teamsTeams togetherTeam positionsShared explorationLock speedFull tech treeHidden civsTurbo modeCheats
Victory
Defeat
🇹🇷 Goths · Türkiye
1391
+13
🇦🇷 Persians · Argentina
1334
-13
Bandolero
6:51 Loom
9:25 Feudal Age
10:05 Double-Bit Axe
20:02 Castle Age
18:21 Gold Mining
18:16 Horse Collar
19:14 Bloodlines
19:33 Scale Barding Armor
20:07 Forging
23:22 Fletching
23:33 Padded Archer Armor
23:53 Stone Mining
23:48 Crossbowman
26:41 Wheelbarrow
26:49 Town Watch
29:11 Bodkin Arrow
31:06 Stone Shaft Mining
31:03 Bow Saw
37:26 Imperial Age
38:12 Imperial Age
38:41 Chain Barding Armor
38:27 Husbandry
39:05 Conscription
39:36 Gold Shaft Mining
38:27 Cavalier
40:31 Iron Casting
43:29 Plate Barding Armor
44:53 Blast Furnace
45:34 Kamandaran
45:59 Leather Archer Armor
[TurkManya] OghuzKhan
7:03 Loom
10:02 Feudal Age
10:31 Double-Bit Axe
10:26 Horse Collar
14:41 Wheelbarrow
19:49 Castle Age
18:23 Forging
19:54 Pikeman
20:35 Scale Mail Armor
21:11 Iron Casting
22:41 Squires
26:56 Bow Saw
26:47 Heavy Plow
28:15 Heavy Plow
31:51 Iron Casting
32:04 Chain Mail Armor
36:09 Fletching
40:24 Imperial Age
39:19 Anarchy
40:30 Halberdier
40:38 Elite Huskarl
42:54 Perfusion
46:02 Blast Furnace
Connection lost

Rejoining the realm…

Still unreachable

The connection could not be restored.

Session expired

The server has moved on; the page needs a fresh start.